Map: Ulrena

Players

PengWin

  • Race: Zerg Zerg

relmer - Winner!

  • Race: Protoss Protoss
  • League: Master

Event: DreamHack ZOWIE Open Leipzig

VOD

Have the link to the VOD?

Description

Time

  • Played on: Jan. 22, 2016, 8:31 a.m.
  • Length: 9:51

All games in this series

Show
View Real Time Build Order
Export as new Build Order

PengWin Zerg 

Build Orders: Pool First 

Get SALT Encoding   

  12  0:01  Drone  
  13  0:12  Overlord  
  13  0:18  Drone  
  14  0:30  Drone x2  
  14  0:34  Drone  
  17  0:45  Spawning Pool  
  17  0:48  Extractor  
  15  0:50  Drone  
  15  0:55  Drone  
  17  1:17  Hatchery  
  16  1:29  Drone x3  
  19  1:39  Queen  
  21  1:46  Overlord  
  21  1:57  Metabolic Boost  
  21  2:01  Zergling x2  
  21  2:07  Zergling x2  
  23  2:12  Zergling x2  
  23  2:15  Queen  
  26  2:24  Drone  
  27  2:34  Zergling x4  
  29  2:47  Drone x4  
  29  2:51  Zergling x4  
  34  3:12  Lair  
  34  3:13  Drone x2, Extractor  
  34  3:15  Overlord  
  34  3:27  Queen  
  35  3:34  Drone  
  35  3:35  Drone x7  
  42  3:41  Drone  
  42  3:53  Drone  
  43  4:01  Spore Crawler  
  43  4:02  Spore Crawler  
  40  4:04  Extractor  
  40  4:07  Extractor  
  37  4:10  Zergling x4  
  37  4:11  Spire  
  37  4:13  Hatchery  
  34  4:26  Drone x5  
  34  4:29  Zergling x2  
  40  4:39  Drone x3  
  40  4:40  Drone  
  44  4:58  Overlord x2  
  44  5:00  Overlord  
  33  5:30  Corruptor x3  
  39  5:35  Corruptor  
  41  5:47  Drone x2  
  41  5:48  Drone x2  
  45  5:55  Corruptor  
  47  6:04  Zergling x14  
  48  6:31  Drone x9  
  52  6:51  Drone x6  
  45  7:14  Drone x6  
  44  7:21  Zergling x6  
  47  7:35  Zergling x12  
  43  8:03  Drone x10  
  44  8:29  Drone x4  
  44  8:32  Zergling x2  
  49  8:34  Overlord x2  
  47  8:50  Zergling x6  
  48  8:55  Mutalisk  
  48  8:56  Mutalisk x5  
  48  8:57  Zergling x2  
  48  8:58  Zergling x6  
  64  9:04  Zergling x4  
  65  9:13  Mutalisk x2  
  65  9:17  Mutalisk  
  64  9:21  Zergling x4  
  64  9:24  Zergling x10  
Show
View Real Time Build Order
Export as new Build Order

relmer Protoss - Winner!

Build Orders: Oracle Opening 

Get SALT Encoding   

  12  0:00  Probe (Chrono Boost)  
  13  0:11  Probe (Chrono Boost)  
  14  0:18  Pylon  
  14  0:23  Probe (Chrono Boost)  
  15  0:36  Probe (Chrono Boost)  
  15  0:39  Gateway  
  16  0:46  Probe (Chrono Boost)  
  17  0:50  Assimilator  
  18  0:57  Probe (Chrono Boost)  
  18  1:07  Probe (Chrono Boost)  
  19  1:13  Gateway  
  19  1:18  Probe (Chrono Boost)  
  20  1:27  Cybernetics Core  
  21  1:34  Pylon  
  21  1:36  Zealot (Chrono Boost)  
  21  1:37  Probe  
  23  1:48  Assimilator  
  23  1:52  Probe (Chrono Boost)  
  24  2:04  Probe (Chrono Boost), Adept x2  
  24  2:08  Warp Gate  
  29  2:20  Probe (Chrono Boost)  
  29  2:21  Pylon  
  30  2:34  Stargate  
  30  2:37  Probe (Chrono Boost)  
  31  2:47  Probe (Chrono Boost)  
  32  3:00  Nexus  
  33  3:13  Mothership Core (Chrono Boost), Pylon  
  34  3:21  Oracle (Chrono Boost)  
  37  3:33  Probe (Chrono Boost)  
  36  3:36  Adept  
  36  3:39  Adept  
  37  3:45  Probe  
  37  3:57  Probe  
  37  3:58  Oracle (Chrono Boost)  
  41  4:10  Probe (Chrono Boost), Gateway  
  41  4:13  Probe (Chrono Boost)  
  42  4:20  Probe (Chrono Boost)  
  42  4:23  Probe (Chrono Boost)  
  44  4:30  Stargate  
  44  4:31  Probe (Chrono Boost)  
  45  4:34  Probe (Chrono Boost)  
  45  4:38  Adept  
  48  4:40  Adept  
  48  4:42  Probe (Chrono Boost)  
  51  4:50  Probe (Chrono Boost)  
  52  4:52  Assimilator  
  52  4:55  Assimilator  
  52  4:56  Phoenix (Chrono Boost)  
  54  5:20  Probe  
  53  5:22  Void Ray (Chrono Boost)  
  55  5:29  Probe  
  55  5:33  Probe  
  53  5:37  Adept x2  
  53  5:38  Gateway  
  53  5:40  Probe  
  53  5:42  Adept  
  60  5:43  Gateway  
  60  5:45  Probe  
  61  5:50  Probe  
  62  6:25  Probe x2  
  62  6:31  Pylon  
  62  6:32  Pylon  
  62  6:40  Probe x2  
  62  6:42  Pylon  
  60  6:48  Stalker  
  60  6:49  Stalker, Pylon  
  60  6:50  Stalker  
  60  6:52  Probe x2  
  72  7:01  Void Ray (Chrono Boost)  
  72  7:02  Void Ray (Chrono Boost)  
  72  7:04  Probe x2  
  74  7:14  Adept x3  
  74  7:15  Adept  
  82  7:16  Probe x2, Adept  
  82  7:21  Pylon  
  86  7:28  Probe x2  
  88  7:34  Pylon  
  88  7:35  Pylon  
  88  7:39  Void Ray (Chrono Boost)  
  88  7:40  Probe x2  
  94  7:51  Adept x4  
  102  7:52  Adept  
  102  7:55  Pylon  
  102  7:58  Pylon  
  100  8:07  Void Ray (Chrono Boost)  
  100  8:10  Probe  
  100  8:11  Probe  
  100  8:15  Nexus  
  100  8:23  Adept x2  
  100  8:24  Adept  
  106  8:36  Pylon  
  106  8:39  Pylon  
  106  8:40  Adept  
  108  8:53  Probe  
  109  8:56  Phoenix x2 (Chrono Boost)  
  113  9:07  Probe  
  114  9:10  Twilight Council  
  114  9:11  Forge  
  114  9:13  Adept x3  
  120  9:17  Sentry x2  
  120  9:22  Phoenix (Chrono Boost)  
  126  9:26  Phoenix (Chrono Boost)  

Tags
 
Add a new tag
Caveats
  • Supply blocks, unpowered buildings, or Contaminate may cause inaccurate times.
  • Supply counts are checked every 10 seconds.